 Dungeon Crawl Stone Soup version 0.19-a0-1513-gf6d23ed (webtiles) character file.

49 jacquesderrida the Ruffian (level 3, -8/18 HPs)
             Began as a Vine Stalker Wanderer on Sept 12, 2016.
             Was an Initiate of Cheibriados.
             Splashed by a jelly's acid (9 damage)
             ... on level 4 of the Dungeon.
             The game lasted 00:03:36 (777 turns).

jacquesderrida the Ruffian (Vine Stalker Wanderer)   Turns: 777, Time: 00:03:37

Health: -8/18      AC:  9    Str: 15    XL:     3   Next: 77%
Magic:  0/4        EV:  9    Int: 14    God:    Cheibriados [......]
Gold:   65         SH:  4    Dex: 14    Spells: 0 memorised, 2 levels left

rFire  . . .     SeeInvis .       - Unarmed
rCold  . . .     Gourm    .     a - +3 scale mail
rNeg   . . .     Faith    .     c - +0 buckler
rPois  .         Spirit   +     (no helmet)
rElec  .         Dismiss  .     (no cloak)
rCorr  .         Reflect  .     (no gloves)
MR     .....     Harm     .     (no boots)
Stlth  ..........               (no amulet)
                                (no ring)
                                (no ring)

@: very slow
A: fangs 2, magic shield, antimagic bite, no device heal 3, rot immunity
a: Bend Time, Renounce Religion


You were on level 4 of the Dungeon.
You worshipped Cheibriados.
Cheibriados was noncommittal.
You were not hungry.

You visited 2 branches of the dungeon, and saw 5 of its levels.

You collected 65 gold pieces.

Inventory:

Hand Weapons
 d - a +1 club
Armour
 a - a +3 scale mail (worn)
 c - a +0 buckler (worn)
 n - a +0 ring mail
Scrolls
 e - a scroll of enchant armour
 j - a scroll of teleportation {unknown}
Potions
 b - a potion of lignification
 g - 2 potions of heal wounds {unknown}
 l - a potion of resistance {unknown}
Comestibles
 f - a bread ration
 i - a slice of pizza
 o - a chunk of flesh


   Skills:
 - Level 1.7 Fighting
 - Level 2.4 Armour
 - Level 1.0 Dodging
 - Level 1.2 Stealth
 - Level 1.7 Shields
 + Level 3.5 Unarmed Combat


You had 2 spell levels left.
You didn't know any spells.

Dungeon Overview and Level Annotations

Branches:
Dungeon (4/15)             Temple (1/1) D:4

Altars:
Ashenzari
Cheibriados
Dithmenos
Gozag
Hepliaklqana
Makhleb
Nemelex Xobeh
Qazlal
Ru
Sif Muna
Uskayaw
Vehumet
Xom
Yredelemnul
Zin
The Shining One


Innate Abilities, Weirdness & Mutations

You have extremely sharp teeth.
When hurt, damage is shared between your health and your magic reserves.
Your bite disrupts and absorbs the magic of your enemies.
Potions and wands cannot restore your health.
You are immune to rotting.


Message History

As you read the scroll labeled LOELITR LAVO, it crumbles to dust.
It is a scroll of enchant armour.
Your +2 scale mail glows green for a moment.
The orc hits you but does no damage. x2
As you read the scroll labeled SAUTADDAKY, it crumbles to dust.
It is a scroll of enchant weapon.
Your +0 club glows red for a moment.
The orc hits you.
As you read the scroll labeled HEP HYFEILOU, it crumbles to dust.
It is a scroll of recharging.
You aren't carrying any rechargeable items.
The orc priest casts a cantrip, but nothing happens.
The orc hits you but does no damage. The orc hits you with a club.
* * * LOW HITPOINT WARNING * * *
As you read the scroll labeled YMUCLUENEA, it crumbles to dust.
You feel blessed for a moment.
It was a scroll of remove curse.
The jelly hits you.
* * * LOW HITPOINT WARNING * * *
You are splashed with acid!
The acid burns!
Ouch! That really hurt!
You die...

#.#....รท...
..#######.#.##.####
...................
....
#######...#.#..####
....
#.......###>#..#
.....
#.......#...#..# #
....o
#.......#......####
......
#.......######....#
...(..##o@.....#
######
.......oJo.....# #.
##.....o......#
#### #............#
##.#.
#...?........#
#_.'.
#.....#...##..[
##.#. ##+####$..#
... #### #...# ..
#. ...# ##


You could see a jelly, an orc priest and 3 orcs.

Vanquished Creatures
  2 adders
  An adder skeleton (D:4)
  A giant gecko (D:4)
  An orc (D:4)
  A ball python (D:1)
  3 bats (D:1)
  3 giant cockroaches
  3 goblins (D:1)
  2 hobgoblins (D:1)
  2 jackals (D:3)
  2 kobolds (D:1)
  A giant newt (D:1)
  A quokka skeleton (D:4)
  3 rats
26 creatures vanquished.

Notes
Turn   | Place    | Note
-------+----------+-------------------------------------------
     0 | D:1      | jacquesderrida the Vine Stalker Wanderer began the quest for the Orb.
     0 | D:1      | jacquesderrida set off with: a +2 scale mail, a potion of lignification, a +0 buckler, a +0 club, a bread ration
     0 | D:1      | Reached XP level 1. HP: 11/11 MP: 2/2
     2 | D:1      | Noticed an ogre
     5 | D:1      | Noticed a centaur
     7 | D:1      | Noticed a merfolk
     7 | D:1      | Noticed a vine stalker
     9 | D:1      | Noticed an octopode
     9 | D:1      | Noticed a formicid
    11 | D:1      | Noticed a tengu
    11 | D:1      | Noticed a demigod
    13 | D:1      | Noticed a troll
    13 | D:1      | Noticed a demonspawn
    15 | D:1      | Noticed an elf
    17 | D:1      | Noticed a dwarf
    17 | D:1      | Noticed a ghoul
    19 | D:1      | Noticed a minotaur
    19 | D:1      | Noticed a vampire
    21 | D:1      | Noticed a felid
    21 | D:1      | Noticed a gargoyle
    23 | D:1      | Noticed a draconian
    23 | D:1      | Noticed a naga
    25 | D:1      | Noticed a spriggan
    25 | D:1      | Noticed a halfling
    27 | D:1      | Noticed a human
   124 | D:1      | Reached skill level 2 in Unarmed Combat
   124 | D:1      | Reached XP level 2. HP: 11/15 MP: 3/3
   427 | D:3      | Reached skill level 3 in Unarmed Combat
   427 | D:3      | Reached XP level 3. HP: 8/18 MP: 2/4
   558 | D:4      | Found a staircase to the Ecumenical Temple.
   570 | Temple   | Entered the Ecumenical Temple
   618 | Temple   | Became a worshipper of Cheibriados the Contemplative
   664 | D:4      | Found an opulent altar of Gozag.
   668 | D:4      | Found a glowing golden altar of the Shining One.
   671 | D:4      | Found a sacrificial altar of Ru.
   777 | D:4      | Splashed by a jelly's acid

Vault maps used:
D:1:      kb_arrival_jail
D:2:      grunt_gozag_breadcrumbs, uniq_natasha
D:4:      grunt_temple_overflow_growth_and_decay, grunt_temple_overflow_diamond,
          serial_glass, glass_columns_a, glass_columns_a, first_bread,
          enter_ossuary_2
Temple:   dshaligram_water_room_temple

Skill      XL: |  1  2 |
---------------+-------+-----
Unarmed Combat | 2 3 |  3.5
Fighting       | |  1.7
Armour         | |  2.4
Dodging        | |  1.0
Stealth        | |  1.2
Shields        | |  1.7

Action                   || total
-------------------------++-------
Melee: Unarmed           ||   158
       Bite              ||    36
  Use: Scroll            ||     4
Armor: Scale mail        ||    76
Dodge: Dodged            ||    68
Block: Buckler           ||    28
